 Dungeon Crawl Stone Soup version 0.31.0-12-g77e489cdc1 (webtiles) character file.

Game seed: 10326436897162902799

962 Killerpretzel the Changeling (level 8, -1/54 HPs)
             Began as an Octopode Shapeshifter on Feb 12, 2024.
             Slain by a gnoll
             ... wielding a +0 halberd
              (9 damage)
             ... on level 5 of the Dungeon.
             The game lasted 00:06:21 (4266 turns).

Killerpretzel the Changeling (OpSh)                 Turns: 4266, Time: 00:06:22

Health: -1/54      AC:  1    Str: 14    XL:     8   Next: 15%
Magic:  8/8        EV: 14    Int: 12    God:
Gold:   133        SH:  0    Dex: 13    Spells: 7/7 levels left

rFire   + .          .
                       - Unarmed
rCold   . . .        (no shield)
rNeg    . . .        (helmet currently unavailable)
rPois   .            (no amulet)
rElec   .            d - ring of resist corrosion
rCorr   +            e - ring of protection from fire
SInv    .            (no ring)
Will    .....        (no ring)
Stlth   ++           (no ring)
HPRegen 0.29/turn    (no ring)
MPRegen 0.11/turn    (no ring)
                     (no ring)

%: no passive effects
@: beast-form
A: beast (slay +3), almost no armour, amphibious, 8 rings, camouflage 1,
gelatinous body 1, (nimble swimmer 1), tentacles
a: Begin Untransformation


You were on level 5 of the Dungeon.
You were a hulking beast.
You visited 1 branch of the dungeon, and saw 5 of its levels.
You also visited: Sewer.

You collected 133 gold pieces.

Inventory:

Hand Weapons
 j - a +3 falchion of electrocution
Jewellery
 d - a ring of resist corrosion (left tentacle)
 e - a ring of protection from fire (right tentacle)
 g - a +6 ring of dexterity
Talismans
 b - a beast talisman
 c - a flux talisman
 i - a maw talisman
Scrolls
 a - a scroll of identify
 l - a scroll of teleportation
Potions
 f - 2 potions of curing {unknown}
 h - a potion of enlightenment {unknown}
 m - a potion of lignification
 o - a potion of mutation {unknown}
 p - a potion of attraction {unknown}
 q - 3 potions of haste
 r - 2 potions of might {unknown}
 s - a potion of experience {unknown}
 u - 2 potions of heal wounds {unknown}
 w - a potion of resistance {unknown}
 x - a potion of magic {unknown}


   Skills:
 + Level 4.0 Fighting
 + Level 4.4 Dodging
 + Level 5.0 Unarmed Combat
 * Level 6.0 Shapeshifting


You had 7 spell levels left.
You didn't know any spells.
Your spell library contained the following spells:

 Spells                   Type           Power      Damage    Failure   Level
 Dazzling Flash           Conj/Hex       0%         N/A       69%         3
 Mephitic Cloud           Conj/Alch/Air  0%         N/A       69%         3
 Tukima's Dance           Hex            0%         N/A       69%         3
 Dimensional Bullseye     Hex/Tloc       0%         N/A       97%         4
 Iskenderun's Mystic Bla  Conj/Tloc      0%         2d3       97%         4
 Curse of Agony           Necr           0%         N/A       100%        5
 Silence                  Hex/Air        0%         N/A       100%        5


Dungeon Overview and Level Annotations

Branches:
Dungeon (5/15)             Temple (0/1) D:4           Sewer (visited)

Altars:


Innate Abilities, Weirdness & Mutations

You are a hulking beast.
Your limbs bulge with bestial killing power. (Slay +3)
You cannot wear most types of armour.
You are amphibious.
You can wear up to eight rings at the same time.
Your skin changes colour to match your surroundings (Stealth+).
Your rubbery body absorbs attacks. (AC +1, EV +1)
((You are camouflaged when in or above water. (Stealth+)))
You have tentacles for arms and can constrict up to eight enemies at once.


Message History

You are too injured to fight recklessly!
You are too injured to fight recklessly!
You are too injured to fight recklessly!
You are too injured to fight recklessly!
There are monsters nearby!
You release your grip on the iguana.
The iguana attacks as it pursues you! The iguana closely misses you.
The gnoll attacks as it pursues you!
The gnoll hits you from afar with a +0 spear.
You closely miss the iguana.
The gnoll shouts!
You grab the iguana.
The iguana is severely wounded.
You constrict the iguana.
You hear a shout!
The gnoll hits you from afar with a +0 spear!
The iguana closely misses you.
You tentacle-slap the iguana.
You kill the iguana!
A gnoll comes into view. It is wielding a +0 halberd.
The gnoll closely misses you.
You barely miss the gnoll. You grab the gnoll.
You constrict the gnoll, but do no damage.
The gnoll misses you.
You bludgeon the gnoll!
The gnoll is heavily wounded.
You constrict the gnoll. The gnoll hits you with a +0 spear.
You tentacle-slap the gnoll.
The gnoll is heavily wounded.
You constrict the gnoll. The gnoll misses you.
You tentacle-slap the gnoll. You squeeze the gnoll.
You kill the gnoll!
Your Fighting skill increases to level 4!
You tentacle-slap the gnoll. You grab the gnoll. You squeeze the gnoll!
You kill the gnoll!
The gnoll misses you.
The gnoll hits you from afar with a +0 halberd!
* * * LOW HITPOINT WARNING * * *
There is a stone staircase leading up, spattered with blood here.
The gnoll hits you from afar with a +0 halberd!
You die...

#. #.###. ##
..# ..# ..
#g### ... ...
#.. #...###..
#.. ..#
#.g..#.###.#
...
#.....#g..###..
#..g.#....#.#
##...#..h..#
#.###)#....#
##...###...#
#.?. #.###.#
#.....# ##
##.... ##.. ##


You could see a gnoll.

Vanquished Creatures
  Sigmund (D:4)
  A black bear (D:4)
  A phantom (D:4)
  2 kobold brigands (Sewer)
  A howler monkey (D:4)
  2 bombardier beetles
  An iguana (D:5)
  Jessica (D:3)
  2 orc wizards (D:3)
  9 adders
  6 gnolls
  7 river rats
  6 ribbon worms
  A dart slug (D:1)
  3 orcs (D:3)
  7 endoplasms
  3 giant cockroaches
  4 goblins
  4 hobgoblins
  16 kobolds
  4 quokkas
  6 ball pythons
  2 bats (D:1)
  A frilled lizard (Sewer)
  22 rats
113 creatures vanquished.

Notes
Turn   | Place    | Note
-------+----------+-------------------------------------------
     0 | D:1      | Killerpretzel the Octopode Shapeshifter began the quest for
                  | the Orb.
     0 | D:1      | Reached XP level 1. HP: 13/13 MP: 1/1
   141 | D:1      | Reached XP level 2. HP: 18/18 MP: 2/2
   788 | D:1      | Reached XP level 3. HP: 23/23 MP: 3/3
  1661 | D:3      | Found a faded altar of an unknown god.
  1685 | D:3      | Reached XP level 4. HP: 25/29 MP: 4/4
  1801 | D:3      | Noticed Jessica
  1802 | D:3      | Reached skill level 4 in Shapeshifting
  1802 | D:3      | Reached XP level 5. HP: 27/34 MP: 5/5
  1827 | D:3      | Killed Jessica
  2249 | D:4      | Reached XP level 6. HP: 41/41 MP: 6/6
  2807 | D:4      | Found a glowing drain.
  2814 | Sewer    | Entered a sewer
  2957 | Sewer    | Reached skill level 5 in Shapeshifting
  2965 | Sewer    | Reached XP level 7. HP: 37/46 MP: 7/7
  3823 | D:4      | Noticed Sigmund
  4136 | D:4      | Killed Sigmund
  4137 | D:4      | Reached skill level 5 in Unarmed Combat
  4137 | D:4      | Reached skill level 6 in Shapeshifting
  4137 | D:4      | Reached XP level 8. HP: 54/54 MP: 8/8
  4181 | D:4      | Found a staircase to the Ecumenical Temple.
  4239 | D:5      | Entered Level 5 of the Dungeon
  4266 | D:5      | Slain by a gnoll

Illustrated notes

Levels and vault maps discovered:
D:1:      mainiacjoe_arrival_oval_in_oval, layout_loops_corners,
          serial_bayou_lagoon_a
D:2:      layout_basic, chequers_decorated_corner, minivault_25
D:3:      layout_rooms, ebering_ecumenical_altar_box, uniq_jessica
D:4:      layout_basic, minmay_temple_entry_from_below_a,
          lightli_sewer_entry_pipes, uniq_sigmund
D:5:      nicolae_BIG_FREAKIN_CUBE, layout_basic, mainiacjoe_overflow_brackets

Skill      XL: |  1  2  3  4  5  6  7  8 |
---------------+-------------------------+-----
Fighting       | 2 3 4 |  4.0
Shapeshifting  | 4 5 6 |  6.0
Dodging        | 3 4 |  4.4
Unarmed Combat | 4 5 |  5.0

Action                     |  1- 3 |  4- 6 |  7- 9 || total
---------------------------+-------+-------+-------++-------
  Melee: Unarmed           |    61 |    97 |    85 ||   243
         Constrict         |    18 |    24 |    22 ||    64
         Tentacles         |    14 |    30 |    15 ||    59
         Punch             |     3 |     4 |     4 ||    11
    Use: Scroll            |     2 |     1 |     5 ||     8
         Potion            |       |     1 |     1 ||     2
   Stab: Sleeping          |     6 |     3 |     1 ||    10
 Armour: Skin              |    14 |    45 |    39 ||    98
  Dodge: Dodged            |    34 |    37 |    33 ||   104
